 Dungeon Crawl Stone Soup version 0.18.1-47-g9310371 (webtiles) character file.

554948 RepoMan the Ninja (level 25, -16/196 HPs)
             Began as a Vampire Assassin on June 11, 2016.
             Was the Champion of Dithmenos.
             Killed from afar by an ancient lich (38 damage)
             ... with a bolt of lightning
             ... on level 5 of the Vaults on June 23, 2016.
             The game lasted 12:39:50 (77379 turns).

RepoMan the Ninja (Vampire Assassin)               Turns: 77379, Time: 12:39:54

Health: -16/196    AC: 19    Str: 10    XL:     25   Next: 66%
Magic:  30/38      EV: 34    Int: 25    God:    Dithmenos [******]
Gold:   965        SH: 11    Dex: 28    Spells: 10 memorised, 15 levels left

rFire  + . .     SeeInvis +     v - +9 long sword of Compound Interest {vamp, Str+2}
rCold  + + .     Gourm    .     h - +5 steam dragon armour
rNeg   + + +     Faith    .     Y - +2 buckler of the Eternal Fruit {+Blink rN+}
rPois  +         Spirit   .     R - +0 hat of Dawn {Int+7}
rElec  .         Dismiss  .     W - +2 cloak {MR+}
rCorr  .         Reflect  +     T - +2 pair of gloves {archery}
SustAt .         Harm     .     M - +2 pair of boots {Fly}
MR     +++..                    F - +2 amulet of reflection
Stlth  ++++++++++               d - +6 ring of slaying
                                z - +5 ring of dexterity

@: flying, very slightly contaminated, regenerating slowly, wreathed by umbra,
extremely resistant to hostile enchantments, uncannily stealthy
A: fangs 3, talons 1, see invisible, fire resistance 1, weak 1, unbreathing
a: Bat Form, Shadow Step, Shadow Form, Renounce Religion, Evoke Blink, Stop
Flying
}: 2/15 runes: serpentine, barnacled


You were on level 5 of the Vaults.
You worshipped Dithmenos.
Dithmenos was exalted by your worship.
You were near bloodless.

You visited 9 branches of the dungeon, and saw 45 of its levels.
You also visited: Labyrinth.

You collected 4639 gold pieces.
You spent 3674 gold pieces at shops.

Inventory:

Hand Weapons
 a - a +2 dagger of venom
 b - the +7 blowgun of Impatience {evade, rF+ Str+3 Int+2}
   (You found it on level 3 of the Elven Halls)

   It affects your evasion (+5 to EV).
   It affects your strength (+3).
   It affects your intelligence (+2).
   It protects you from fire.
 s - a +5 rapier of speed
 v - the +9 long sword of Compound Interest (weapon) {vamp, Str+2}
   (You took it off a deep elf high priest on level 3 of the Elven Halls)

   It inflicts no extra harm, but heals its wielder somewhat when it strikes a
   living foe.
   It affects your strength (+2).
Missiles
 Q - 4 curare-tipped needles
Armour
 h - a +5 steam dragon armour (worn)
 M - a +2 pair of boots of flying (worn)
 R - the +0 hat of Dawn (worn) {Int+7}
   (You acquired it on level 3 of the Shoals)

   It affects your intelligence (+7).
 T - a +2 pair of gloves of archery (worn)
 W - a +2 cloak of magic resistance (worn)
 Y - the +2 buckler of the Eternal Fruit (worn) {+Blink rN+}
   (You found it on level 4 of the Lair of Beasts)

   It protects you from negative energy.
   It lets you blink.
Rods
 i - a +9 rod of inaccuracy (17/17)
   (You took it off a deep elf mage on level 3 of the Elven Halls)
Jewellery
 d - a +6 ring of slaying (right hand)
 n - the ring of Iweikkos {rCorr rElec rF++ rC+ Str-4}
   (You bought it in a shop on level 2 of the Orcish Mines)

   [ring of resist corrosion]

   It affects your strength (-4).
   It greatly protects you from fire.
   It protects you from cold.
   It insulates you from electricity.
 z - a +5 ring of dexterity (left hand)
 F - a +2 amulet of reflection (around neck)
Wands
 o - a wand of teleportation (5/9)
 u - a wand of digging (5/24)
 w - a wand of paralysis (12/24)
 A - a wand of disintegration (16/24)
 E - a wand of disintegration (7/24)
 U - a wand of lightning (2/15)
Scrolls
 c - 7 scrolls of recharging
 e - 15 scrolls of teleportation
 j - 22 scrolls of identify
 p - 3 scrolls of magic mapping
 r - a scroll of amnesia
 C - a scroll of summoning
 G - 2 scrolls of vulnerability
 H - 6 scrolls of enchant armour
 I - a scroll of fog
 J - 5 scrolls of fear
 K - 19 scrolls of remove curse
Potions
 f - 3 potions of invisibility
 g - 3 potions of haste
 k - a potion of brilliance
 l - 10 potions of curing
 m - a potion of ambrosia
 t - 24 potions of blood
 x - 3 potions of magic
 B - a potion of mutation
 D - a potion of agility
 N - a potion of resistance
 O - 2 potions of might
 V - 3 potions of cancellation
Books
 y - a book of Changes

   Spells                             Type                      Level
   a - Beastly Appendage              Transmutation                1
   b - Sticks to Snakes               Transmutation                2
   c - Spider Form                    Transmutation/Poison         3
   d - Ice Form                       Ice/Transmutation            4
   e - Blade Hands                    Transmutation                5
 L - a book of Beasts

   Spells                             Type                      Level
   a - Summon Butterflies             Summoning                    1
   b - Call Canine Familiar           Summoning                    3
   c - Summon Ice Beast               Ice/Summoning                4
   d - Summon Mana Viper              Hexes/Summoning              5
   e - Summon Hydra                   Summoning                    7
 P - a Young Poisoner's Handbook

   Spells                             Type                      Level
   a - Sting                          Conjuration/Poison           1
   b - Cure Poison                    Poison                       2
   c - Mephitic Cloud                 Conjuration/Poison/Air       3
   d - Olgreb's Toxic Radiance        Poison                       4
   e - Venom Bolt                     Conjuration/Poison           5


   Skills:
 + Level 15.7 Fighting
 * Level 21.3(21.8) Short Blades
 + Level 8.8(15.5) Long Blades
 - Level 1.5 Throwing
 + Level 18.7 Dodging
 O Level 27 Stealth
 - Level 4.6 Shields
 + Level 11.9 Spellcasting
 - Level 2.0 Conjurations
 + Level 16.7 Hexes
 - Level 3.4 Charms
 - Level 7.0 Transmutations
 - Level 6.4 Earth Magic
 - Level 4.7 Evocations


You had 15 spell levels left.
You knew the following spells:

 Your Spells              Type           Power        Failure   Level  Hunger
a - Apportation           Tloc           ##........   6%          1    None
b - Cure Poison           Pois           ##........   10%         2    None
c - Confuse               Hex            #######.     0%          3    None
d - Dazzling Spray        Conj/Hex       ######       1%          3    None
f - Cause Fear            Hex            #######...   1%          4    None
g - Gell's Gravitas       Hex/Tloc       ######....   1%          3    None
p - Petrify               Trmt/Erth      #####...     2%          4    None
r - Repel Missiles        Chrm/Air       ###...       3%          2    None
s - Silence               Hex/Air        ######....   4%          5    ###....
y - Yara's Violent Unrav  Hex/Trmt       ######....   1%          5    ###....


Dungeon Overview and Level Annotations

Branches:
Dungeon (15/15)            Temple (1/1) D:7            Lair (8/8) D:10
 Shoals (4/4) Lair:4        Snake (4/4) Lair:6        Slime (0/6) Lair:6
    Orc (2/2) D:11            Elf (3/3) Orc:2        Vaults (5/5) D:14
  Crypt (0/3) Vaults:3     Depths (3/5) D:15

Altars:
Ashenzari
Cheibriados
Dithmenos
Elyvilon
Fedhas
Gozag
Kikubaaqudgha
Makhleb
Nemelex Xobeh
Okawaru
Pakellas
Qazlal
Ru
Sif Muna
Trog
Vehumet
Xom
Yredelemnul
Zin
The Shining One
Beogh
Jiyva

Shops:
D:4 }   D:14 [   D:15 (*?:=   Orc:1 }   Orc:2 (:**   Shoals:2 %   Shoals:3 *%*(
Snake:3 %   Vaults:2 !   Vaults:3 (   Vaults:4 (   Vaults:5 :

Portals:
Pandemonium: Orc:2

Annotations:
D:6 exclusion: oklob plant
Elf:2 Agnes
Elf:3 Vincendra's ghost, adept MiFi


Innate Abilities, Weirdness & Mutations

You heal slowly.
You have razor-sharp teeth.
You have supernaturally acute eyesight.
You can survive without breathing.
You have sharp toenails.
Your flesh is heat resistant.
You are weak. (Str -2)


Message History

You emit a cloud of dark smoke.
Unknown command.
Drink which item? (? for menu, Esc to quit)
Okay, then.
Evoke which item? (* to show all) (? for menu, Esc to quit)
Okay, then.
Unknown command.
Unknown command.
Unknown command.
Read which item? (? for menu, Esc to quit)
Blink to where?
Press: ? - help, Dir - move target cursor, p - ancient lich You are very lightly contaminated with residual magic.
As you read the scroll of blinking, it crumbles to dust.
The stone giant shouts!
The ancient lich points at you and mumbles some strange words.
The bolt of lightning misses you. The ancient lich casts a spell at you.
The bolt of lightning hits you!
You die...

.........#....#...... ......§
#...(...[[........ ......§
##########........###############
................[................
.............<<..[...............
....).......<.[<.[[..............
..(......(..)<<..[...............
##########...)).[.###############
........C...@.........
.......#....#.(.......
..###..#....#..####### .
#..#....#..# #..#....#..#
...#....#G§# ....#....#§L#
#....#§§# #....#§§#


You could see an ancient lich, a stone giant and a giant eyeball shaped shifter.

Vanquished Creatures
  Vashnia (Snake:4)
  Norris (Snake:4)
  Saint Roka (Vaults:3)
  Nikola (Shoals:3)
  An iron giant (Depths:2)
  A bone dragon (Vaults:3)
  The ghost of Ery the Slayer, an adept MiBe of Trog (Elf:3)
  Jorgrun (Snake:4)
  A tentacled monstrosity (Vaults:5)
  A deep elf blademaster (Elf:2)
  2 titans (Vaults:5)
  A deep elf master archer (Elf:3)
  2 sphinxes
  Polyphemus (Shoals:2)
  Gastronok (Lair:2)
  2 shadow dragons
  A storm dragon (Vaults:4)
  Kirke (Shoals:3)
  2 tengu reavers
  Donald (Shoals:2)
  22 greater nagas
  2 orc warlords
  Ilsuiw (Shoals:4)
  13 vault wardens
  7 deep elf sorcerers
  A frost giant (Vaults:4)
  Louise (Snake:4)
  6 deep elf elementalists
  Aizul (Elf:3)
  17 ironheart preservers
  5 very ugly things
  A dire elephant (shapeshifter) (Vaults:3)
  A vampire knight (Depths:3)
  7 deep elf demonologists
  A salamander stormcaller (Vaults:5)
  11 stone giants
  8 deep elf annihilators
  Nessos (Lair:7)
  5 merfolk javelineers (Shoals:4)
  6 deep elf death magi
  4 ettins
  8 deep elf high priests (Elf:3)
  A minotaur (Lab)
  4 fire dragons
  9 merfolk impalers
  37 vault guards
  15 yaktaur captains
  A fire dragon (shapeshifter) (Vaults:4)
  4 great orbs of eyes
  2 ice dragons
  4 hydras
  Erica (D:11)
  A spriggan air mage (Depths:2)
  A rakshasa (Depths:2)
  The ghost of maxonian the Fighter, a journeyman OpGl of Qazlal (D:10)
  5 centaur warriors
  14 naga warriors
  5 merfolk aquamancers
  3 catoblepae
  8 ogre magi
  6 anacondas
  6 merfolk avatars
  4 alligator snapping turtles
  A satyr (Shoals:4)
  2 death knights
  5 deep troll shamans
  30 dancing weapons
  2 tengu warriors
  12 death yaks
  3 deep troll earth magi
  Urug (D:11)
  16 naga sharpshooters
  Nergalle (Lair:4)
  21 deep elf knights
  Sonja (Lair:1)
  3 orc high priests (Orc:2)
  4 shock serpents
  3 shadow wraiths (Vaults:3)
  2 sun demons (Orc:2)
  A spriggan (Depths:3)
  A soul eater (Orc:2)
  2 fire crabs
  3 salamander mystics
  A hell knight (Vaults:4)
  3 unseen horrors
  15 sea snakes
  2 small abominations
  An infernal demonspawn (Orc:2)
  25 deep trolls
  A torturous demonspawn (Orc:2)
  A giant orange brain (Depths:2)
  A flayed ghost (Vaults:4)
  23 deep elf archers
  8 naga ritualists
  23 harpies
  8 hill giants
  A gelid demonspawn (Orc:2)
  A shadow dragon zombie (Vaults:4)
  12 orc knights
  3 necromancers
  A sphinx zombie (Vaults:4)
  12 ironbrand convokers
  3 wolf spiders
  10 mana vipers
  A lindwurm (Lair:8)
  A wolf spider (shapeshifter) (Vaults:2)
  16 griffons
  65 deep elf magi
  A frost giant zombie (Vaults:2)
  5 cyclopes
  13 orc sorcerers
  13 elephants
  5 manticores
  A griffon (shapeshifter) (Elf:1)
  A hornet (shapeshifter) (Vaults:4)
  15 fauns
  40 ugly things
  2 tengu skeletons
  2 wizards (D:14)
  A hornet (Vaults:2)
  12 salamanders
  A sixfirhy (Orc:2)
  16 sirens
  Maurice (D:10)
  38 black mambas
  18 guardian serpents
  23 naga magi
  The ghost of markolepsija72 the Slasher, a novice TeBe of Trog (D:7)
  19 spiny frogs
  18 vault sentinels
  A torpor snail (shapeshifter) (Elf:2)
  A torpor snail (Lair:4)
  A guardian serpent (shapeshifter) (Vaults:1)
  7 water nymphs
  2 gargoyles
  4 orange demons (D:15)
  A yaktaur zombie (Vaults:4)
  2 kobold demonologists
  36 yaktaurs
  A rime drake (shapeshifter) (Vaults:2)
  A rime drake (Lair:4)
  An ice devil (Orc:2)
  2 freezing wraiths (Vaults:4)
  2 komodo dragons
  2 tengu conjurers
  9 trolls
  A jumping spider (shapeshifter) (Depths:1)
  A human skeleton (Vaults:4)
  21 merfolk
  4 red devils (D:15)
  A troll (shapeshifter) (D:15)
  4 polar bears (Lair:2)
  A shadow dragon simulacrum (Vaults:4)
  Grinder (D:6)
  25 blink frogs
  A two-headed ogre (shapeshifter) (Vaults:2)
  15 two-headed ogres
  3 wind drakes
  3 boulder beetles
  12 slime creatures
  9 snapping turtles
  An air elemental (Elf:2)
  A shadow (D:9)
  A wyvern (D:14)
  A redback (Vaults:3)
  2 vampires
  A yak (shapeshifter) (Vaults:2)
  21 water elementals
  A wraith (D:15)
  2 hogs (Shoals:3)
  Eustachio (D:6)
  A tarantella (Vaults:3)
  4 basilisks
  3 fire elementals (Elf:2)
  2 golden eyes (shapeshifter)
  49 yaks
  22 vampire mosquitoes
  2 steam dragons
  8 hungry ghosts
  A chaos spawn (Orc:2)
  14 hippogriffs
  A mottled dragon (Vaults:2)
  Edmund (D:6)
  47 nagas
  A warg (shapeshifter) (Vaults:2)
  7 wargs
  20 water moccasins
  17 porcupines
  A swamp drake (D:9)
  57 orc warriors
  6 sky beasts
  2 wasps
  4 ice beasts
  2 eyes of draining
  12 black bears
  36 ogres
  3 necrophages
  2 phantoms
  31 wolves
  16 centaurs
  11 crocodiles
  An elf simulacrum (Vaults:1)
  2 human zombies (Vaults:4)
  4 big kobolds
  22 giant frogs
  A gnoll sergeant (D:5)
  3 earth elementals
  A wyvern skeleton (D:10)
  5 scorpions
  25 killer bees
  6 wights
  4 howler monkeys
  5 crimson imps
  A centaur zombie (D:8)
  4 hounds
  3 jellies
  3 quasits
  A giant frog zombie (D:5)
  A human simulacrum (Vaults:2)
  29 orc priests
  3 centaur skeletons
  27 orc wizards
  4 giant frog skeletons
  11 iguanas
  8 worker ants
  2 killer bee zombies
  25 sheep
  2 hound skeletons
  Robin (D:2)
  8 gnolls
  18 adders
  77 river rats
  3 shadow imps
  An ufetubus (Vaults:2)
  2 oozes
  An adder zombie (D:9)
  An adder skeleton (D:6)
  3 worms
  A worm (shapeshifter) (Elf:3)
  4 dart slugs
  7 giant geckos
  100 orcs
  9 bats
  9 giant cockroaches
  2 gnoll zombies (D:8)
  17 goblins
  12 hobgoblins
  10 jackals
  3 quokkas
  5 ball pythons
  5 giant newts
  34 kobolds
  8 rats
  A crawling corpse (Elf:3)
2018 creatures vanquished.

Vanquished Creatures (collateral kills)
  A yak (D:9)
  A killer bee zombie (D:9)
2 creatures vanquished.

Vanquished Creatures (others)
  2 merfolk javelineers
  A naga warrior (Snake:2)
  A satyr (Shoals:1)
  A tengu warrior (D:14)
  A deep troll (Vaults:2)
  2 deep elf archers
  A faun (Shoals:1)
  2 yaktaurs
  A freezing wraith (Vaults:4)
  2 water elementals
  2 yaks (D:9)
  2 humans (Shoals:3)
  A vampire mosquito (Vaults:2)
  An ice beast (D:9)
  2 ogres (Vaults:2)
  2 orcs (Orc:2)
  16 fungi
  33 plants
73 creatures vanquished.

Grand Total: 2093 creatures vanquished

Notes
Turn   | Place    | Note
--------------------------------------------------------------
     0 | D:1      | RepoMan the Vampire Assassin began the quest for the Orb.
     0 | D:1      | Reached XP level 1. HP: 16/16 MP: 1/1
    17 | D:1      | Reached skill level 6 in Stealth
   156 | D:1      | Reached XP level 2. HP: 22/22 MP: 2/2
   616 | D:1      | Reached XP level 3. HP: 27/27 MP: 3/3
   948 | D:1      | Found a shattered altar of Ashenzari.
  1270 | D:2      | Reached skill level 7 in Stealth
  1600 | D:2      | Reached XP level 4. HP: 33/33 MP: 4/4
  1710 | D:2      | Noticed Robin
  1884 | D:2      | Killed Robin
  2099 | D:2      | Found a snail-covered altar of Cheibriados.
  2386 | D:3      | Reached XP level 5. HP: 38/38 MP: 5/5
  2612 | D:3      | Reached skill level 8 in Stealth
  2638 | D:3      | Found an iron altar of Okawaru.
  3148 | D:4      | Found a shimmering altar of Xom.
  3234 | D:4      | Found Joloz's Gadget Shoppe.
  3406 | D:4      | Noticed an orc warrior
  3420 | D:4      | Killed an orc warrior
  3420 | D:4      | Reached skill level 9 in Stealth
  3420 | D:4      | Reached XP level 6. HP: 44/44 MP: 6/6
  3485 | D:4      | HP: 2/44 [orc priest/divine providence (16)]
  4055 | D:4      | HP: 1/44 [orc priest/divine providence (11)]
  4810 | D:4      | Reached skill level 5 in Short Blades
  4810 | D:4      | Reached XP level 7. HP: 49/49 MP: 7/7
  4874 | D:4      | Reached skill level 10 in Stealth
  5347 | D:5      | Entered Level 5 of the Dungeon
  5700 | D:5      | Reached skill level 11 in Stealth
  6487 | D:6      | Noticed Grinder
  7258 | D:5      | Reached XP level 8. HP: 19/56 MP: 8/8
  8070 | D:6      | Noticed Eustachio
  8285 | D:7      | Noticed markolepsija72's ghost (novice TeBe)
  8326 | D:7      | Found a staircase to the Ecumenical Temple.
  8427 | Temple   | Entered the Ecumenical Temple
  8493 | Temple   | Became a worshipper of Dithmenos the Shadowed
  8554 | D:7      | Found a burning altar of Makhleb.
  9003 | D:8      | Reached skill level 12 in Stealth
  9067 | D:8      | Reached skill level 5 in Dodging
  9234 | D:8      | Found a radiant altar of Vehumet.
  9303 | D:8      | Found a basalt altar of Yredelemnul.
  9388 | D:8      | Reached * piety under Dithmenos
  9489 | D:9      | Reached skill level 13 in Stealth
  9491 | D:9      | Reached XP level 9. HP: 52/65 MP: 9/9
  9867 | D:9      | Noticed a merfolk
  9872 | D:9      | Killed a merfolk
  9999 | D:9      | Noticed an angel
 10000 | D:9      | Found a glowing silver altar of Zin.
 10047 | D:9      | Reached skill level 14 in Stealth
 10180 | D:9      | Reached skill level 5 in Fighting
 10671 | D:9      | Noticed a troll
 10699 | D:9      | Killed a troll
 10699 | D:9      | Reached XP level 10. HP: 64/74 MP: 10/10
 10896 | D:10     | Entered Level 10 of the Dungeon
 10922 | D:10     | Noticed maxonian's ghost (journeyman OpGl)
 11021 | D:9      | Reached skill level 15 in Stealth
 11226 | D:9      | Reached ** piety under Dithmenos
 11620 | D:10     | Noticed a hill giant
 11627 | D:10     | Killed a hill giant
 11801 | D:10     | Noticed a hill giant
 11976 | D:9      | Killed a hill giant
 12138 | D:10     | Reached skill level 16 in Stealth
 12165 | D:10     | Got a brightly glowing dagger
 12194 | D:10     | Noticed an unseen horror
 12214 | D:10     | Killed an unseen horror
 12226 | D:10     | Identified the cursed +0 dagger of Intimidation {freeze, +Rage MR+ Str+4} (You found it on level 10 of the Dungeon)
 12509 | D:10     | Noticed Maurice
 12542 | D:10     | Killed Maurice
 12542 | D:10     | Reached XP level 11. HP: 82/82 MP: 11/11
 12591 | D:10     | Found a staircase to the Lair.
 12642 | D:10     | Reached *** piety under Dithmenos
 12947 | D:11     | Found a staircase to the Orcish Mines.
 13588 | D:7      | Killed markolepsija72's ghost
 13588 | D:7      | Reached skill level 17 in Stealth
 14639 | D:6      | Noticed Edmund
 14686 | D:6      | Killed Grinder
 15001 | D:6      | Killed Eustachio
 15109 | D:6      | Killed Edmund
 15172 | D:6      | Found a blossoming altar of Fedhas.
 15185 | D:6      | Noticed an oklob plant
 15631 | D:10     | Killed maxonian's ghost
 15846 | D:11     | Reached skill level 10 in Short Blades
 15941 | D:11     | Got an iridescent trident
 16024 | D:11     | Noticed Urug
 16031 | D:11     | Killed Urug
 16084 | D:11     | Noticed Erica
 16085 | D:11     | Reached skill level 18 in Stealth
 16088 | D:11     | Killed Erica
 16137 | D:11     | Reached **** piety under Dithmenos
 16573 | D:11     | Identified the +4 trident of the Countless Moons {speed, rF- rN++ Dex+2} (You found it on level 11 of the Dungeon)
 16702 | D:12     | Found a labyrinth entrance.
 16710 | Lab      | Entered a labyrinth
 17087 | Lab      | Noticed a minotaur
 17096 | Lab      | Killed a minotaur
 17096 | Lab      | Reached XP level 12. HP: 91/91 MP: 12/12
 17439 | D:12     | Reached skill level 10 in Dodging
 17775 | D:12     | Reached skill level 19 in Stealth
 18478 | D:13     | You are sucked into a shaft for 2 floors!
 18478 | D:15     | Entered Level 15 of the Dungeon
 18487 | D:15     | Found Cetoczuo's Jewellery Shoppe.
 18519 | D:15     | Bought a cursed amulet of inaccuracy for 40 gold pieces
 18530 | D:15     | Got a warped wooden ring
 18532 | D:15     | Identified the cursed ring of Ejaugen {+Inv MR+ Str-3} (You found it on level 15 of the Dungeon)
 18533 | D:15     | Found Gefyw's Magic Scroll Emporium.
 18541 | D:15     | Bought a scroll of identify for 40 gold pieces
 18541 | D:15     | Bought a scroll of identify for 40 gold pieces
 18541 | D:15     | Bought a scroll of identify for 40 gold pieces
 18541 | D:15     | Bought a scroll of fear for 70 gold pieces
 18653 | D:15     | Found a staircase to the Depths.
 18653 | D:15     | Noticed an ettin
 18665 | D:15     | Killed an ettin
 18665 | D:15     | Reached skill level 20 in Stealth
 18667 | D:15     | Noticed a centaur warrior
 18668 | D:15     | Noticed a tengu warrior
 18674 | D:15     | Killed a tengu warrior
 18682 | D:15     | Killed a centaur warrior
 18760 | D:15     | Found Ykeysirph's Assorted Antiques.
 18766 | D:15     | Bought a scroll of identify for 54 gold pieces
 18766 | D:15     | Bought a potion of curing for 81 gold pieces
 18766 | D:15     | Bought a scroll of identify for 54 gold pieces
 18888 | D:15     | Reached XP level 13. HP: 95/99 MP: 13/13
 18975 | D:15     | Got a bound tin ring
 18983 | D:15     | Identified the ring of Tosaq {rF- rC+ rN+ Str+2 Dex+2} (You found it on level 15 of the Dungeon)
 19143 | D:14     | Noticed a vault guard
 19393 | D:10     | Found a burning altar of Makhleb.
 19525 | Lair:1   | Entered Level 1 of the Lair of Beasts
 19674 | Lair:1   | Noticed Sonja
 19700 | Lair:1   | Killed Sonja
 20630 | Lair:2   | Found an oddly glowing altar of Pakellas.
 20655 | Lair:2   | Reached skill level 21 in Stealth
 20788 | Lair:2   | Noticed Gastronok
 20793 | Lair:2   | Killed Gastronok
 20992 | Lair:2   | You are sucked into a shaft for 2 floors!
 21218 | Lair:4   | Got a crude buckler
 21231 | Lair:4   | Identified the +2 buckler of the Eternal Fruit {+Blink rN+} (You found it on level 4 of the Lair of Beasts)
 21379 | Lair:4   | Reached skill level 1 in Shields
 21811 | Lair:2   | Upgraded the game from 0.18.1-8-gdd0e5ea to 0.18.1-47-g9310371
 22778 | Lair:3   | Reached ***** piety under Dithmenos
 22823 | Lair:3   | Reached XP level 14. HP: 109/109 MP: 14/14
 23246 | Lair:3   | Reached skill level 22 in Stealth
 23752 | Lair:4   | Found a staircase to the Shoals.
 23808 | Lair:4   | Noticed Nergalle
 23852 | Lair:4   | Killed Nergalle
 24854 | Lair:6   | Found a staircase to the Slime Pits.
 24855 | Lair:6   | Found a viscous altar of Jiyva.
 25214 | Lair:6   | Reached skill level 1 in Evocations
 25260 | Lair:6   | Got a crude platinum ring
 25261 | Lair:6   | Identified the ring "Cufeibb" {Ice rPois rN+ Dex-4 Stlth+} (You found it on level 6 of the Lair of Beasts)
 25280 | Lair:6   | Found a staircase to the Snake Pit.
 25377 | Lair:6   | Reached skill level 10 in Fighting
 26366 | Lair:7   | Noticed Nessos
 26370 | Lair:7   | Killed Nessos
 26596 | Lair:7   | Found a blossoming altar of Fedhas.
 27082 | Lair:8   | Entered Level 8 of the Lair of Beasts
 28713 | Lair:8   | Reached skill level 23 in Stealth
 28746 | Lair:8   | Reached XP level 15. HP: 105/117 MP: 12/17
 29348 | Lair:8   | Got a crystal spear
 29751 | Lair:8   | Identified the cursed +0 spear of Cebu {flame, Fragile Str+4 Stlth+} (You found it on level 8 of the Lair of Beasts)
 30127 | Lair:8   | Found an iron altar of Okawaru.
 30454 | Orc:1    | Entered Level 1 of the Orcish Mines
 30456 | Orc:1    | Noticed an orc warlord
 30682 | Depths:1 | Entered Level 1 of the Depths
 31288 | Depths:2 | Noticed a shadow dragon
 31290 | Depths:2 | Noticed an iron giant
 31293 | Depths:2 | Killed a shadow dragon
 31295 | Depths:2 | Killed an iron giant
 31295 | Depths:2 | Reached skill level 24 in Stealth
 31863 | Depths:1 | Noticed a frost giant
 32465 | D:15     | Found Ykhac's Book Shoppe.
 32473 | D:15     | Bought a book of Misfortune for 280 gold pieces
 32480 | D:15     | Learned a level 4 spell: Petrify
 32674 | D:15     | Found Bigaumn's Weapon Shoppe.
 33542 | Lair:2   | Learned a level 3 spell: Dazzling Spray
 33548 | Lair:2   | Learned a level 5 spell: Yara's Violent Unravelling
 33664 | Snake:1  | Entered Level 1 of the Snake Pit
 33929 | Lair:6   | Reached skill level 1 in Hexes
 35180 | Lair:6   | Reached skill level 1 in Spellcasting
 35771 | Shoals:1 | Entered Level 1 of the Shoals
 35787 | Shoals:1 | Reached XP level 16. HP: 125/125 MP: 14/19
 36982 | Lair:4   | Reached skill level 1 in Conjurations
 37474 | Shoals:1 | Reached skill level 5 in Hexes
 38607 | Shoals:2 | Noticed Donald
 38611 | Shoals:2 | Killed Donald
 38696 | Shoals:2 | Noticed Polyphemus
 38698 | Shoals:2 | Killed Polyphemus
 39204 | Shoals:2 | Found Ziolaogo's Food Boutique.
 39205 | Shoals:2 | Reached skill level 25 in Stealth
 39727 | Shoals:3 | Found Daidghips's Assorted Antiques.
 39731 | Shoals:3 | Reached skill level 5 in Spellcasting
 39737 | Shoals:3 | Noticed Kirke
 39744 | Shoals:3 | Killed Kirke
 39787 | Shoals:3 | Bought a scroll of identify for 62 gold pieces
 39787 | Shoals:3 | Bought a scroll of identify for 62 gold pieces
 39787 | Shoals:3 | Bought a scroll of identify for 62 gold pieces
 39787 | Shoals:3 | Bought a fizzy silvery potion for 27 gold pieces
 39803 | Shoals:3 | Found Japenif's Weapon Shop.
 39920 | Shoals:3 | Found Puhuor's Food Emporium.
 40034 | Shoals:3 | Found Eguewask's Assorted Antiques.
 40052 | Shoals:3 | Bought a scroll of identify for 48 gold pieces
 40052 | Shoals:3 | Bought a potion of heal wounds for 120 gold pieces
 40052 | Shoals:3 | Bought 2 scrolls labeled GIHUIH FYODEH for 48 gold pieces
 40062 | Shoals:3 | Got a transparent hat
 40073 | Shoals:3 | Identified the +0 hat of Dawn {Int+7} (You acquired it on level 3 of the Shoals)
 40214 | Shoals:3 | Noticed Nikola
 40218 | Shoals:3 | Killed Nikola
 40378 | Shoals:4 | Entered Level 4 of the Shoals
 40400 | Shoals:4 | Reached skill level 1 in Earth Magic
 40400 | Shoals:4 | Reached XP level 17. HP: 133/133 MP: 21/24
 40427 | Shoals:4 | Reached skill level 1 in Transmutations
 40873 | Shoals:4 | Noticed Ilsuiw
 40883 | Shoals:4 | Killed Ilsuiw
 41054 | Shoals:4 | Identified the Reference Book on the Arsonist (You found it on level 4 of the Shoals)
 41093 | Shoals:4 | Got a transparent amethyst amulet
 41094 | Shoals:4 | Identified the amulet "Trusted Companion" {Reflect Str-3 Int+6 SH+2} (You found it on level 4 of the Shoals)
 41131 | Shoals:4 | Identified a +8 rod of clouds (14/14) (You found it on level 4 of the Shoals)
 41590 | Shoals:4 | Noticed a kraken
 41688 | Shoals:4 | Got a barnacled rune of Zot
 41785 | Shoals:4 | Reached XP level 18. HP: 140/140 MP: 25/27
 42118 | Shoals:4 | Reached skill level 26 in Stealth
 42718 | Lair:2   | Learned a level 3 spell: Confuse
 42723 | Lair:2   | Learned a level 4 spell: Cause Fear
 42727 | Lair:2   | Learned a level 3 spell: Gell's Gravitas
 43286 | Orc:1    | Reached ****** piety under Dithmenos
 43373 | Orc:1    | Found Kevann's Gadget Emporium.
 43716 | Orc:2    | Entered Level 2 of the Orcish Mines
 43789 | Orc:2    | Found a staircase to the Elven Halls.
 43933 | Orc:2    | Found Tarph's General Store.
 43933 | Orc:2    | Found Joedwuil's General Store.
 44847 | Orc:2    | Found a roughly hewn altar of Beogh.
 44976 | Orc:2    | Reached skill level 5 in Transmutations
 45134 | Orc:2    | Reached skill level 15 in Dodging
 45283 | Orc:2    | Found Xoigg's Antique Weapon Shoppe.
 45283 | Orc:2    | Found Atazoxyach's Book Emporium.
 45284 | Orc:2    | Found a one-way gate leading to the halls of Pandemonium.
 45297 | Orc:2    | Reached XP level 19. HP: 147/147 MP: 18/29
 45336 | Orc:2    | Bought the ring of Iweikkos {rCorr rElec rF++ rC+ Str-4} for 701 gold pieces
 45517 | Elf:1    | Entered Level 1 of the Elven Halls
 45725 | Elf:1    | Reached skill level 5 in Earth Magic
 46023 | Elf:1    | Reached skill level 15 in Short Blades
 46199 | Elf:1    | Identified the Papyrus of Conjuration
 46453 | Elf:1    | Learned a level 1 spell: Apportation
 46620 | Elf:2    | Found a runed gate.
 46620 | Elf:2    | Found a runed gate.
 46620 | Elf:2    | Found a runed gate.
 47177 | Elf:2    | Got a scorched shield
 47179 | Elf:2    | Identified the +1 shield of Tenacity {MR+} (You found it on level 2 of the Elven Halls)
 47656 | Elf:2    | Reached skill level 27 in Stealth
 47724 | Elf:3    | Entered Level 3 of the Elven Halls
 47788 | Elf:3    | Noticed Ery's ghost (adept MiBe)
 48091 | Elf:3    | Noticed Vincendra's ghost (adept MiFi)
 52423 | Snake:3  | Found Vuanecs's Food Emporium.
 52435 | Snake:3  | Reached skill level 10 in Hexes
 52488 | Snake:3  | Reached XP level 20. HP: 156/156 MP: 23/32
 52921 | Snake:4  | Entered Level 4 of the Snake Pit
 53755 | Snake:4  | Noticed Vashnia
 53760 | Snake:4  | Killed Vashnia
 54476 | Snake:4  | Noticed Norris
 54552 | Snake:4  | Killed Norris
 54774 | Snake:4  | Noticed Jorgrun
 54776 | Snake:4  | Killed Jorgrun
 55029 | Snake:4  | Noticed Louise
 55045 | Snake:4  | Killed Louise
 55296 | Snake:4  | Got a serpentine rune of Zot
 56078 | Elf:3    | Got an ancient great mace {crush}
 57692 | Depths:3 | Reached XP level 21. HP: 70/164 MP: 29/34
 58635 | Elf:3    | Noticed Aizul
 58651 | Elf:3    | Killed Aizul
 59007 | Elf:3    | Got a smoking long sword {vamp}
 59122 | Elf:3    | Identified the +9 long sword of Compound Interest {vamp, Str+2} (You took it off a deep elf high priest on level 3 of the Elven Halls)
 59123 | Elf:3    | Identified the +6 great mace "Tiyriecs" {crush, rN++ Str+4} (You took it off a deep elf elementalist on level 3 of the Elven Halls)
 59467 | Elf:3    | Gained mutation: You have sharp toenails. [you]
 60061 | Elf:2    | Reached skill level 1 in Long Blades
 60070 | Elf:2    | Identified a +1 rod of inaccuracy (13/13) (You took it off a deep elf mage on level 3 of the Elven Halls)
 60134 | Elf:3    | Reached skill level 10 in Spellcasting
 60998 | Elf:3    | Killed Ery's ghost
 62491 | Elf:3    | Got a glittering brass ring
 62499 | Elf:3    | Identified the ring "Siule" {Ice MP+9} (You took it off a deep elf archer on level 3 of the Elven Halls)
 62592 | Elf:3    | Identified the Incunabulum of Boosting Attacks
 62599 | Elf:3    | Learned a level 2 spell: Repel Missiles
 62622 | Elf:3    | Identified Sif Muna's Volume of Toxins and Flight
 62626 | Elf:3    | Learned a level 2 spell: Cure Poison
 62632 | Elf:3    | Got a jewelled blowgun
 62642 | Elf:3    | Identified the +7 blowgun of Impatience {evade, rF+ Str+3 Int+2} (You found it on level 3 of the Elven Halls)
 64255 | Elf:2    | Noticed Agnes
 64446 | Elf:2    | Reached skill level 1 in Charms
 64693 | Lair:2   | Learned a level 5 spell: Silence
 65034 | D:14     | Found Zaggu's Armour Shop.
 65288 | D:14     | Found a gate to the Vaults.
 65298 | Vaults:1 | Entered Level 1 of the Vaults
 66280 | Vaults:1 | Reached XP level 22. HP: 172/172 MP: 36/36
 67420 | Vaults:2 | Found Siubb's Distillery.
 67482 | Vaults:2 | Bought a potion of mutation for 45 gold pieces
 67482 | Vaults:2 | Bought 2 potions of experience for 1800 gold pieces
 67482 | Vaults:2 | Reached XP level 23. HP: 179/179 MP: 28/37
 67483 | Vaults:2 | Reached skill level 5 in Long Blades
 67483 | Vaults:2 | Reached XP level 24. HP: 187/187 MP: 29/37
 70551 | Vaults:3 | Reached skill level 15 in Fighting
 70553 | Vaults:3 | Reached skill level 15 in Hexes
 71020 | Vaults:3 | Found a staircase to the Crypt.
 71133 | Vaults:3 | Found Ziuprog's Antique Weapon Boutique.
 71182 | Vaults:3 | Noticed Saint Roka
 71184 | Vaults:3 | Killed Saint Roka
 72043 | Vaults:4 | Found Jayg's Antique Weapon Boutique.
 72701 | Vaults:4 | Reached XP level 25. HP: 195/195 MP: 6/38
 72714 | Vaults:4 | Gained mutation: You are weak. (Str -2) [a cacodemon]
 72725 | Vaults:4 | Gained mutation: Your flesh is heat resistant. [a cacodemon]
 75358 | Vaults:5 | Entered Level 5 of the Vaults
 76332 | Vaults:5 | Found Leill's Book Emporium.
 77344 | Vaults:5 | Noticed an ancient lich
 77371 | Vaults:5 | Paralysed by an ancient lich for 5 turns
 77379 | Vaults:5 | Killed from afar by an ancient lich

Skill      XL: |  1  2  3  4  5  6  7  8  9 10 11 12 13 14 15 16 17 18 19 20 21 22 23 24 25 |
---------------+----------------------------------------------------------------------------+-----
Stealth        | 6 7 9 11 13 14 16 18 20 21 23 24 25 26 27 | 27.0
Short Blades   | 3 4 5 6 8 9 10 11 12 13 14 16 17 19 20 21 | 21.3
Dodging        | 2 3 4 5 7 8 9 10 12 13 14 15 16 17 18 | 18.7
Fighting       | 2 3 5 6 7 8 9 10 11 12 13 14 15 | 15.7
Shields        | 1 4 |  4.6
Evocations     | 3 4 |  4.7
Hexes          | 2 8 9 10 12 13 14 15 16 | 16.7
Spellcasting   | 1 5 6 7 8 9 10 11 | 11.9
Conjurations   | 2 |  2.0
Earth Magic    | 1 3 4 6 |  6.4
Transmutations | 3 5 7 |  7.0
Long Blades    | 3 4 5 6 8 |  8.8
Charms         | 3 |  3.4
Throwing       | |  1.5

Action                   |  1- 3 |  4- 6 |  7- 9 | 10-12 | 13-15 | 16-18 | 19-21 | 22-24 | 25-27 || total
-------------------------+-------+-------+-------+-------+-------+-------+-------+-------+-------++-------
Melee: Dagger            |    94 |   164 |   254 |   956 |  2105 |  1124 |   659 |   276 |   174 ||  5806
       Bite              |    10 |    15 |    28 |   132 |   344 |   222 |   216 |    71 |    82 ||  1120
       Unarmed           |       |    20 |     2 |       |     1 |       |       |       |       ||    23
       Rapier            |       |       |       |       |       |   222 |   531 |    13 |    22 ||   788
       Long sword        |       |       |       |       |       |       |   218 |   203 |   239 ||   660
 Fire: Blowgun           |       |    24 |    68 |    53 |   107 |    47 |    16 |       |       ||   315
Throw: Throwing net      |       |       |       |     5 |       |     2 |    37 |       |       ||    44
 Cast: Dazzling Spray    |       |       |       |       |       |   132 |   120 |    56 |    31 ||   339
       Confuse           |       |       |       |       |       |    56 |   180 |    71 |    71 ||   378
       Petrify           |       |       |       |       |       |     1 |       |     1 |       ||     2
       Gell's Gravitas   |       |       |       |       |       |       |     1 |       |     1 ||     2
       Yara's Violent Un |       |       |       |       |       |       |    10 |     8 |     3 ||    21
       Apportation       |       |       |       |       |       |       |     5 |       |       ||     5
       Repel Missiles    |       |       |       |       |       |       |       |     1 |     1 ||     2
Invok: Shadow Step       |       |       |       |       |    23 |     7 |    12 |     3 |     1 ||    46
 Abil: End Transformatio |       |     5 |    12 |    11 |     5 |     6 |    10 |       |     2 ||    51
       Bat Form          |       |     5 |    12 |    11 |     5 |     6 |    10 |       |     2 ||    51
       Evoke Blink       |       |       |       |       |     4 |     1 |     7 |     4 |     6 ||    22
Evoke: Wand              |       |     2 |    12 |    10 |    24 |     3 |     4 |       |       ||    55
       Rod               |       |       |       |    24 |    48 |     9 |    33 |       |    19 ||   133
  Use: Potion            |       |     1 |     1 |     7 |    12 |     4 |    22 |     2 |       ||    49
       Scroll            |       |       |    19 |    10 |    15 |    11 |    33 |     1 |     3 ||    92
 Stab: Sleeping          |    17 |    26 |    41 |    56 |   163 |    80 |   155 |    75 |    22 ||   635
       Distracted        |       |     3 |     2 |     7 |    20 |    32 |    37 |    13 |     6 ||   120
       Held in net/web   |       |       |       |     4 |       |     1 |    24 |       |       ||    29
       Invisible         |       |       |       |     6 |     8 |    65 |    50 |    39 |    16 ||   184
       Paralysed         |       |       |       |       |    25 |       |       |       |       ||    25
       Petrified         |       |       |       |       |     1 |     1 |       |       |       ||     2
       Petrifying        |       |       |       |       |       |     1 |       |     1 |       ||     2
       Confused          |       |       |       |       |       |    39 |    99 |    47 |    47 ||   232
  Eat: Corpse            |       |     1 |     3 |     3 |     2 |     1 |     2 |       |       ||    12
Armor: Robe              |    15 |    28 |    27 |     5 |       |       |       |       |       ||    75
       Leather armour    |       |       |       |    71 |    85 |    69 |    48 |       |       ||   273
       Steam dragon armo |       |       |       |       |       |       |    16 |    38 |    73 ||   127
Dodge: Dodged            |    43 |   105 |   137 |   576 |  1127 |   752 |   781 |   373 |   388 ||  4282
       Deflected         |       |       |       |       |       |       |       |     2 |     3 ||     5
Block: Buckler           |       |       |       |       |   586 |   440 |   377 |   210 |   178 ||  1791
       Other             |       |       |       |       |     1 |       |     1 |       |       ||     2
       Reflection        |       |       |       |       |     5 |    41 |    45 |    24 |    11 ||   126
